 Dungeon Crawl Stone Soup version 0.17-a0-877-ga10078a (webtiles) character file.

1704 namelastname112 the Cruncher (level 8, -5/71 HPs)
             Began as a Purple Draconian Gladiator on Apr 30, 2015.
             Slain by Prince Ribbit (13 damage)
             ... on level 6 of the Dungeon.
             The game lasted 00:11:55 (6243 turns).

namelastname112 the Cruncher (DrGl)                 Turns: 6243, Time: 00:11:55

Health: -5/71      AC:  7    Str: 17    XL:     8   Next: 73%
Magic:  0/8        EV: 16    Int: 15    God:
Gold:   219        SH:  0    Dex: 17    Spells: 0 memorised, 7 levels left

rFire  . . .     SeeInvis .     a - +0 quarterstaff
rCold  . . .     Clarity  .     (armour unavailable)
rNeg   . . .     SustAb   .     (no shield)
rPois  .         Gourm    .     b - +0 hat
rElec  .         Spirit   +     (no cloak)
rCorr  .         Warding  .     q - +0 pair of gloves
rMut   .         Stasis   .     (no boots)
MR     +....                    u - amulet of guardian spirit
Stlth  ++........               (no ring)
                                o - +4 ring of dexterity

@: brilliant, somewhat resistant to hostile enchantments, unstealthy
A: breathe power, unfitting armour, cold-blooded, AC +6
a: Breathe Dispelling Energy


You were on level 6 of the Dungeon.
You were not hungry.

You visited 1 branch of the dungeon, and saw 6 of its levels.

You collected 219 gold pieces.

Inventory:

Hand weapons
 a - a +0 quarterstaff (weapon)
Missiles
 c - 3 throwing nets (quivered)
Armour
 b - a +0 hat (worn)
 q - a +0 pair of gloves (worn)
Jewellery
 o - a +4 ring of dexterity (left hand)
 p - a cursed amulet of inaccuracy {unknown}
 u - an amulet of guardian spirit (around neck)
Magical devices
 w - a wand of fire (8)
Scrolls
 f - 4 scrolls of identify {unknown}
 h - 4 scrolls of enchant weapon {unknown}
 j - a scroll of remove curse {unknown}
 k - 3 scrolls of amnesia {unknown}
 l - a scroll of teleportation {unknown}
 n - 2 scrolls of random uselessness {unknown}
 r - a scroll of magic mapping {unknown}
 s - a scroll of fog {unknown}
 v - a scroll of enchant armour {unknown}
Potions
 g - a potion of might
 i - a potion of heal wounds {unknown}
Comestibles
 d - 3 bread rations
 m - a meat ration
 t - a beef jerky
 x - 2 fruits


   Skills:
 + Level 6.4 Fighting
 * Level 8.6 Staves
 - Level 1.7 Throwing
 + Level 5.7 Dodging


You had 7 spell levels left.
You didn't know any spells.

Dungeon Overview and Level Annotations

Branches:
Dungeon (6/15)
 Temple: D:4-7

Altars:
Ru

Shops:
D:6 =

Annotations:
D:6 Prince Ribbit


Innate Abilities, Weirdness & Mutations

You can breathe bolts of dispelling energy.
Your rich purple scales are hard (AC +6).
Your body does not fit into most forms of armour.
You are cold-blooded and may be slowed by cold attacks.


Message History

The throwing net closely misses Prince Ribbit.
The orc wizard hits you but does no damage.
You miss Prince Ribbit.
Prince Ribbit is severely wounded.
Prince Ribbit hits you.
* * * LOW HITPOINT WARNING * * *
The orc closely misses you. The orc wizard hits you with a dagger.
* * * LOW HITPOINT WARNING * * *
You miss Prince Ribbit.
Prince Ribbit is severely wounded.
Prince Ribbit hits you but does no damage.
The orc barely misses you. The orc wizard hits you with a dagger.
* * * LOW HITPOINT WARNING * * *
Prince Ribbit hits you!
* * * LOW HITPOINT WARNING * * *
Drink which item? (? for menu, Esc to quit)
It was a potion of brilliance.
You feel clever all of a sudden. Prince Ribbit hits you!
You die...

############
#..........# #
#..........## ...
#....>......## ...#
#######......###.....
#.....#(F@o#....##
#......#.o)......#
#..................
###.###.........###
#.# #.....[...... #.#
###.....####. #.#
###...# .. #.# ##..#
... #.# #####.##
.....


You could see Prince Ribbit, an orc wizard and an orc.

Vanquished Creatures
  The ghost of Sithun the Reanimator, an experienced DENe of Yredelemnul (D:5)
  Grinder (D:3)
  A phantom (D:5)
  A centaur (D:6)
  An ogre (D:4)
  2 scorpions
  2 crimson imps (D:5)
  A centaur skeleton (D:6)
  An orc priest (D:5)
  4 gnoll shamans (D:4)
  A quasit (D:6)
  4 worker ants
  A worker ant zombie (D:5)
  7 adders
  36 gnolls
  4 worms
  7 giant geckos
  15 orcs
  11 bats
  2 bat skeletons (D:4)
  2 giant cockroaches
  11 hobgoblins
  16 jackals
  2 giant newts (D:1)
  12 goblins
  8 kobolds
  3 quokkas
  10 rats
167 creatures vanquished.

Notes
Turn   | Place    | Note
--------------------------------------------------------------
     0 | D:1      | namelastname112, the Draconian Gladiator, began the quest for the Orb.
     0 | D:1      | Reached XP level 1. HP: 17/17 MP: 1/1
   264 | D:1      | Reached XP level 2. HP: 23/25 MP: 2/2
   857 | D:2      | Reached XP level 3. HP: 19/30 MP: 3/3
   975 | D:2      | Reached skill level 4 in Staves
  1375 | D:3      | Reached XP level 4. HP: 38/38 MP: 4/4
  1572 | D:3      | Noticed Grinder
  1600 | D:3      | Paralysed by Grinder for 6 turns
  1612 | D:3      | Paralysed by Grinder for 5 turns
  1634 | D:3      | Paralysed by Grinder for 2 turns
  1638 | D:3      | Killed Grinder
  1638 | D:3      | Reached skill level 5 in Staves
  1638 | D:3      | Reached XP level 5. HP: 11/46 MP: 5/5
  1638 | D:3      | Reached XP level 6. HP: 12/52 MP: 6/6
  3246 | D:4      | Reached skill level 6 in Staves
  3286 | D:4      | Your scales start taking on a rich purple colour.
  3286 | D:4      | Reached XP level 7. HP: 45/60 MP: 7/7
  3866 | D:4      | Reached skill level 5 in Fighting
  4309 | D:4      | Reached skill level 7 in Staves
  4971 | D:5      | Entered Level 5 of the Dungeon
  4981 | D:5      | Reached skill level 5 in Dodging
  4981 | D:5      | Reached XP level 8. HP: 35/69 MP: 8/8
  5410 | D:5      | Noticed Sithun's ghost (experienced DENe)
  5424 | D:5      | Killed Sithun's ghost
  5424 | D:5      | Reached skill level 8 in Staves
  5904 | D:6      | Found Raunkaota's Jewellery Shop.
  5922 | D:6      | Found a sacrificial altar of Ru.
  6194 | D:6      | Noticed Prince Ribbit
  6243 | D:6      | Slain by Prince Ribbit

Action                   |  1- 3 |  4- 6 |  7- 9 || total
-------------------------+-------+-------+-------++-------
Melee: Quarterstaff      |   100 |   174 |   350 ||   624
       Unarmed           |       |    13 |       ||    13
Throw: Throwing net      |       |       |     5 ||     5
 Abil: Breathe Dispellin |       |       |     2 ||     2
  Use: Potion            |       |     3 |     2 ||     5
 Stab: Distracted        |       |     1 |       ||     1
       Sleeping          |       |       |     1 ||     1
  Eat: Chunk             |     2 |     6 |     8 ||    16
       Royal jelly       |       |       |     1 ||     1
